 Dungeon Crawl Stone Soup version 0.18.1-48-g4cf74bf (webtiles) character file.

81 sarahorange the Conjurer (level 4, -8/33 HPs)
             Began as a Draconian Conjurer on July 25, 2016.
             Blown up by Ijyb (14 damage)
             ... with a wand of disintegration
             ... on level 2 of the Dungeon.
             The game lasted 00:10:32 (1409 turns).

sarahorange the Conjurer (Draconian Conjurer)       Turns: 1409, Time: 00:10:32

Health: -8/33      AC:  6    Str: 11    XL:     4   Next: 19%
Magic:  3/7        EV: 12    Int: 16    God:
Gold:   76         SH:  0    Dex: 11    Spells: 3 memorised, 1 level left

rFire  . . .     SeeInvis .     d - +0 mace
rCold  . . .     Gourm    .     (armour unavailable)
rNeg   . . .     Faith    .     (no shield)
rPois  .         Spirit   .     o - +1 hat
rElec  .         Dismiss  .     (no cloak)
rCorr  .         Reflect  .     (no gloves)
SustAt .         Harm     .     (no boots)
MR     .....                    (no amulet)
Stlth  ++........               (no ring)
                                (no ring)

@: not resistant to hostile enchantments, unstealthy
A: unfitting armour, cold-blooded, AC +5
a: no special abilities


You were on level 2 of the Dungeon.
You were hungry.

You visited 1 branch of the dungeon, and saw 2 of its levels.

You collected 76 gold pieces.

Inventory:

Hand Weapons
 d - a +0 mace (weapon)
Missiles
 g - 9 poisoned needles
 j - 55 stones (quivered)
 s - 16 sling bullets
Armour
 o - a +1 hat (worn)
Scrolls
 c - 2 scrolls of magic mapping {unknown}
 e - a scroll of identify {unknown}
 h - a scroll of remove curse {unknown}
 k - a scroll of immolation {unknown}
 q - a scroll of enchant weapon {unknown}
 t - a scroll of recharging {unknown}
Potions
 l - a potion of haste {unknown}
 m - a potion of magic {unknown}
Books
 a - a book of Conjurations

   Spells                             Type                      Level
   a - Magic Dart                     Conjuration                  1
   b - Searing Ray                    Conjuration                  2
   c - Dazzling Spray                 Conjuration/Hexes            3
   d - Fulminant Prism                Conjuration/Hexes            4
   e - Iskenderun's Mystic Blast      Conjuration                  4
   f - Iskenderun's Battlesphere      Conjuration/Charms           5
Comestibles
 b - 2 bread rations
 f - a meat ration
 i - 4 chunks of flesh
 n - 3 beef jerkies
 p - 2 slices of pizza
 r - a royal jelly


   Skills:
 + Level 2.0 Dodging
 + Level 1.8 Stealth
 * Level 2.4 Spellcasting
 * Level 5.3 Conjurations


You had one spell level left.
You knew the following spells:

 Your Spells              Type           Power        Failure   Level  Hunger
a - Magic Dart            Conj           ###.         2%          1    #......
b - Searing Ray           Conj           ###...       4%          2    ###....
c - Dazzling Spray        Conj/Hex       ##....       21%         3    ###....


Dungeon Overview and Level Annotations

Branches:
Dungeon (2/15)

Altars:
The Shining One

Annotations:
D:2 Ijyb


Innate Abilities, Weirdness & Mutations

Your plain brown scales are hard (AC +5).
Your body does not fit into most forms of armour.
You are cold-blooded and may be slowed by cold attacks.


Message History

You closely miss Ijyb.
Ijyb is lightly wounded.
Ijyb hits you but does no damage. Ijyb closely misses you.
You closely miss Ijyb. You tail-slap Ijyb.
Ijyb is moderately wounded.
Ijyb hits you with a dagger.
You completely miss Ijyb.
Ijyb is moderately wounded.
Ijyb hits you but does no damage.
You barely miss Ijyb.
Ijyb is moderately wounded.
Ijyb hits you with a dagger.
Ijyb zaps a wand.
You are blasted!
Ouch! That really hurt!
* * * LOW HITPOINT WARNING * * *
It is a wand of disintegration.
You closely miss Ijyb.
Your tail-slap misses Ijyb.
Ijyb is moderately wounded.
Ijyb hits you but does no damage.
Ijyb zaps a wand.
You are blasted!
You die...

#.# #### #.## # #..# #+## #K ##.#
...## #.### #####.##### ....##
.... #.........# .....## ##..
##.#.#.###..
......####...#########......###..
......'.......g.@.............'..
......####...#########.....####..
.....# ##.. #........... ....##
#... #.########## ...## #.... #.#
#'## #.... #.# #.# #.... #.# ####
#.# ##... ... #... #.## ... #.##


You could see Ijyb.

Vanquished Creatures
  5 adders (D:2)
  A dart slug (D:1)
  2 giant geckos (D:2)
  4 bats
  4 giant cockroaches
  3 goblins
  3 hobgoblins
  4 jackals (D:2)
  A ball python (D:1)
  5 rats (D:2)
32 creatures vanquished.

Notes
Turn   | Place    | Note
--------------------------------------------------------------
     0 | D:1      | sarahorange the Draconian Conjurer began the quest for the Orb.
     0 | D:1      | Reached XP level 1. HP: 14/14 MP: 3/3
   269 | D:1      | Reached XP level 2. HP: 18/20 MP: 3/5
   273 | D:1      | Learned a level 2 spell: Searing Ray
   536 | D:2      | Reached XP level 3. HP: 26/26 MP: 0/6
   727 | D:2      | Reached skill level 5 in Conjurations
   960 | D:2      | Reached XP level 4. HP: 33/33 MP: 1/7
   966 | D:2      | Learned a level 3 spell: Dazzling Spray
  1204 | D:2      | Found a glowing golden altar of the Shining One.
  1397 | D:2      | Noticed Ijyb
  1409 | D:2      | Blown up by Ijyb

Skill      XL: |  1  2  3 |
---------------+----------+-----
Conjurations   | 5 |  5.3
Dodging        | 2 |  2.0
Stealth        | |  1.8
Spellcasting   | |  2.4

Action                   |  1- 3 |  4- 6 || total
-------------------------+-------+-------++-------
Melee: Mace              |    12 |    16 ||    28
       Tailslap          |       |     2 ||     2
Throw: Stone             |       |    11 ||    11
 Cast: Magic Dart        |    26 |    18 ||    44
       Searing Ray       |     4 |     4 ||     8
  Eat: Chunk             |     1 |     1 ||     2
Armor: Skin              |     4 |     7 ||    11
Dodge: Dodged            |    15 |    10 ||    25
